 Dungeon Crawl Stone Soup version 0.25-a0-294-gea9b1ad378 (webtiles) character file.

Game seed: 11883685878494445447, levelgen mode: classic

21 Borgoz the Sneak (level 3, 24/24 HPs)
             Began as a Halfling Assassin on Dec 18, 2019.
             Quit the game on level 1 of the Dungeon.
             The game lasted 00:00:58 (816 turns).

Borgoz the Sneak (Halfling Assassin)                 Turns: 816, Time: 00:00:59

Health: 24/24      AC:  3    Str: 12    XL:     3   Next: 2%
Magic:  3/3        EV: 14    Int:  9    God:
Gold:   26         SH:  0    Dex: 16    Spells: 2/2 levels left

rFire    . . .     SeeInvis .   a - +2 dagger
rCold    . . .     Gourm    .   (shield restricted)
rNeg     . . .     Faith    .   b - +0 robe
rPois    .         Spirit   .   (no helmet)
rElec    .         Reflect  .   c - +0 cloak
rCorr    .         Harm     .   (no gloves)
MR       .....                  (no boots)
Stlth    +++.......             (no amulet)
HPRegen  0.08/turn              (no ring)
MPRegen  0.08/turn              (no ring)

@: no status effects
A: small, mutation resistance 1
a: no special abilities


You were on level 1 of the Dungeon.
You were not hungry.

You visited 1 branch of the dungeon, and saw 1 of its levels.

You collected 26 gold pieces.

Inventory:

Hand Weapons
 a - a +2 dagger (weapon)
Armour
 b - a +0 robe (worn)
 c - a +0 cloak (worn)
Scrolls
 d - a scroll of remove curse {unknown}
 h - 2 scrolls of random uselessness {unknown}
Comestibles
 f - a ration


   Skills:
 + Level 2.0 Fighting
 + Level 2.8 Short Blades
 - Level 2.0 Throwing
 + Level 0.9 Armour
 + Level 1.6 Dodging
 + Level 4.6 Stealth


You had 2 spell levels left.
You didn't know any spells.
Your spell library was empty.

Dungeon Overview and Level Annotations

Branches:
Dungeon (1/15)

Altars:


Innate Abilities, Weirdness & Mutations

You are small and have problems with some larger weapons.
You are somewhat resistant to further mutation.


Message History

You barely miss the ooze.
The ooze is severely wounded.
The ooze hits you.
You are too injured to fight recklessly!
You are too injured to fight recklessly!
You are too injured to fight recklessly!
You hit the ooze.
The ooze is severely wounded.
The ooze barely misses you.
You hit the ooze.
You kill the ooze!
You have reached level 3!
Your experience leads to an increase in your attributes!
Increase (S)trength, (I)ntelligence, or (D)exterity?
You feel agile.
You start resting.
HP restored.
d - a scroll labeled HERAUL JAPS A bat and a hobgoblin come into view.
Are you sure you want to abandon this character and quit the game? (Confirm with "yes".)

#......#
#####......############
...........)...........
############......###.........
..................# #.########
.............#+######..#......
.......................(......
.......................#)####.
#############@.######..#.# #.#
.........# #..#.# ##.
#####b...# #..#.# #.# #....#
#..#.# ##. #....# #..#.# #.#
#....# #..#.# ##. #....# #.#
.# ###g## #.# #. #.. ..


You could see a hobgoblin (sleeping) and a bat (sleeping).

Vanquished Creatures
  An ooze (D:1)
  A dart slug (D:1)
  A leopard gecko (D:1)
  A bat (D:1)
  3 hobgoblins (D:1)
  2 jackals (D:1)
  A kobold (D:1)
  2 rats (D:1)
12 creatures vanquished.

Notes
Turn   | Place    | Note
-------+----------+-------------------------------------------
     0 | D:1      | Borgoz the Halfling Assassin began the quest for the Orb.
     0 | D:1      | Reached XP level 1. HP: 14/14 MP: 1/1
    20 | D:1      | Reached XP level 2. HP: 3/19 MP: 2/2
   629 | D:1      | Reached XP level 3. HP: 10/24 MP: 3/3
   816 | D:1      | Quit the game

Levels and vault maps discovered:
D:1:      ncdulo_watergridlock, layout_basic, serial_park_tiny_pond

Skill      XL: |  1  2 |
---------------+-------+-----
Fighting       | 2 |  2.0
Short Blades   | |  2.8
Throwing       | |  2.0
Armour         | |  0.9
Dodging        | |  1.6
Stealth        | |  4.6

Action                   || total
-------------------------++-------
Melee: Dagger            ||    56
 Stab: Sleeping          ||     2
Armor: Robe              ||    18
Dodge: Dodged            ||    42

Table legend:
 A = Non-vault XP
 B = Vault XP
 C = Vault XP percentage of total XP
 D = Non-vault monster count
 E = Vault monster count
 F = Vault count percentage of total count
                 A         B        C        D         E       F
            +---------+---------+-------+---------+---------+-------
      Total |      30 |       0 |   0.0 |      12 |       0 |   0.0
            +---------+---------+-------+---------+---------+-------
        D:1 |      30 |       0 |   0.0 |      12 |       0 |   0.0
            +---------+---------+-------+---------+---------+-------
